Hurricanes vs Devils

Created - February-23-13 at 11:55

Goals
1 2 3 T
Hurricanes 0 0 0 0
Devils 2 1 0 3
Shots
1 2 3 T
Hurricanes 4 6 7 17
Devils 13 5 6 24

1st period

1. Devils , Nikita Nikitin 6 (Saku Koivu) at 9:42 (PP)
2. Devils , Nikita Nikitin 7 (Matthew Lombardi, Niklas Hjalmarsson) at 16:49

Penalties :
Joffrey Lupul (CAR) for Close Hand On Puck (Minor) at 0:12, Daniel Winnik (CAR) for Hooking (Minor) at 9:06, Maxim Lapierre (CAR) for Hooking (Minor) at 12:01, Nikita Nikitin (NJD) for Tripping (Minor) at 17:28, Ryan Wilson (CAR) for Holding (Minor) at 18:01

2nd period

3. Devils , Jordan Leopold 10 (Nikita Nikitin, Mark Letestu) at 13:47 (PP)

Penalties :
Brad Stuart (NJD) for Tripping (Minor) at 1:35, Jordan Leopold (NJD) for Hooking (Minor) at 3:41, Ryan Wilson (CAR) for Holding (Minor) at 13:43, Tim Connolly (NJD) for Cross-checking (Minor) at 16:43, Niklas Hjalmarsson (NJD) for Cross-checking (Minor) at 18:45

3rd period

No Goal

Penalties :
Vladimir Sobotka (NJD) for Hooking (Minor) at 9:56, Josh Bailey (NJD) for Slashing (Minor) at 18:34, Shane OBrien (CAR) for Holding (Minor) at 18:34

Goalie Stats

Mike Smith (CAR), 21 saves from 24 shots - (0.875), L, 35-20-4, 60:00 minutes
Steve Mason (NJD), 17 saves from 17 shots - (1.000), W, 19-28-7, 60:00 minutes

Players Stats for Hurricanes

Player Name              G  A  P  +/- PIM S  H  SB GA TA FO     MP     PP MP  PK MP  
------------------------------------------------------------------------------------
Anton Volchenkov         0  0  0  -1  0   2  2  2  0  0  0/0    21:22   4:45   2:18 
Brandon McMillan         0  0  0   0  0   0  0  0  0  0  0/1     6:04   1:16   0:10 
Chad LaRose              0  0  0   0  0   0  1  0  0  0  1/1    19:26   5:39   0:00 
Daniel Winnik            0  0  0   0  2   0  1  0  0  0  0/1    11:50   0:00   2:05 
Darroll Powe             0  0  0  -1  0   0  2  0  0  0  0/0    13:46   0:00   0:00 
Duncan Keith             0  0  0   0  0   1  2  0  0  0  0/0    24:59   4:28   2:53 
Eric Staal               0  0  0  -1  0   2  0  1  0  0  14/25  23:48   5:39   2:56 
Filip Kuba               0  0  0   0  0   2  1  0  0  0  0/0    24:56   4:55   3:06 
Jarome Iginla            0  0  0   0  0   5  0  0  0  0  0/2    20:50   5:39   0:00 
Jason Chimera            0  0  0   0  0   0  0  0  0  0  1/1    13:47   4:35   0:00 
Joffrey Lupul            0  0  0  -1  2   2  2  0  0  0  0/1    19:23   4:07   0:00 
Matt Greene              0  0  0  -1  0   0  3  3  0  0  0/0    18:09   0:00   2:05 
Maxim Lapierre           0  0  0   0  2   0  0  0  0  0  2/8     9:11   0:00   0:00 
Patrik Elias             0  0  0   0  0   0  0  0  0  0  19/29  21:56   4:15   2:27 
Ryan Wilson              0  0  0   0  4   3  0  2  0  0  0/0    16:27   5:18   0:00 
Shane OBrien             0  0  0   0  2   0  2  0  0  0  0/0    13:30   1:29   0:00 
Sheldon Brookbank        0  0  0   0  0   0  1  0  0  0  0/0     7:43   0:14   2:44 
Warren Peters            0  0  0   0  0   0  0  0  0  0  2/5     4:45   0:00   0:00 

Players Stats for Devils

Player Name              G  A  P  +/- PIM S  H  SB GA TA FO     MP     PP MP  PK MP  
------------------------------------------------------------------------------------
Artem Anisimov           0  0  0   0  0   0  1  0  0  0  6/14   18:43   3:05   0:00 
Brad Stuart              0  0  0   0  2   2  2  3  0  0  0/0    22:17   1:23   4:26 
James van Riemsdyk       0  0  0   0  0   1  1  0  0  0  0/1    17:11   1:42   0:00 
Jordan Leopold           1  0  1   0  2   2  0  1  0  0  0/0    23:34   2:52   4:18 
Josh Bailey              0  0  0   0  2   2  0  0  0  0  0/0     7:36   1:16   0:00 
Lubomir Visnovsky        0  0  0   0  0   3  2  2  0  0  0/0    21:49   1:23   2:48 
Marcel Goc               0  0  0   1  0   0  0  0  0  0  8/18   13:42   0:00   6:12 
Mark Letestu             0  1  1   0  0   4  2  0  0  0  3/5    17:11   1:42   0:00 
Matt DAgostini           0  0  0   0  0   2  0  0  0  0  0/0     7:31   0:00   1:00 
Matthew Lombardi         0  1  1   1  0   1  0  0  0  0  3/10   13:16   0:50   1:00 
Nikita Nikitin           2  1  3   1  2   2  2  0  0  0  0/0    15:19   3:48   1:18 
Niklas Hjalmarsson       0  1  1   1  2   2  2  2  0  0  0/0    16:59   0:56   3:37 
Patrick Eaves            0  0  0   1  0   0  0  0  0  0  0/0    11:46   0:00   4:16 
R.J. Umberger            0  0  0   0  0   1  2  0  0  0  1/3    18:20   3:29   0:00 
Roman Hamrlik            0  0  0   0  0   2  1  2  0  0  0/0    19:58   0:00   4:29 
Saku Koivu               0  1  1   0  0   0  1  0  0  0  11/18  15:05   3:29   3:11 
Tim Connolly             0  0  0   0  2   0  1  0  0  0  1/1    15:03   0:00   0:13 
Vladimir Sobotka         0  0  0   0  2   0  2  0  0  0  2/4    11:14   0:00   5:04 

3 Stars

1 - Nikita Nikitin (NJD)
2 - Steve Mason (NJD)
3 - Mark Letestu (NJD)

Power Play

Hurricanes - 0 on 6 Attempt(s) - 0.00%
Devils - 2 on 5 Attempt(s) - 40.00%

Penalty Kill

Hurricanes - 3 on 5 Attempt(s) - 60.00% - Score 0 goal in Penalty Kill
Devils - 6 on 6 Attempt(s) - 100.00% - Score 0 goal in Penalty Kill

Official

Referees : Kevin Pollock and Rob Martell
Linesman : Scott Cherrey and Pierre Racicot

Game Notes

Saku Koivu is injured at 1:51 of 3rd period (Back Spasms)

Finance

Level 1 -- Attendance: 6000 (100.00%) -- Ticket Income $690,000
Level 2 -- Attendance: 4511 (90.22%) -- Ticket Income $338,325
Level 3 -- Attendance: 2000 (100.00%) -- Ticket Income $110,000
Level 4 -- Attendance: 2868 (79.12%) -- Ticket Income $86,040
Luxury Box -- Attendance: 1000 (100.00%) -- Ticket Income $165,000
Game was played at the Prudential Center
Total Attendance: 16379 (92.93%)
Total Ticket Income: $1,389,365
Other Income: $208,405
Total Income: $1,597,770


% Time on Ice - Hurricanes

Lines # - Real PCT - Wanted PCT - Time Play
Normal Forward
1 - 33% - 35% - 13:47
2 - 33% - 35% - 13:46
3 - 22% - 20% - 9:12
4 - 11% - 10% - 4:45
Normal Defense
1 - 33% - 35% - 13:47
2 - 34% - 35% - 14:19
3 - 27% - 15% - 11:03
4 - 6% - 15% - 2:21
PP Forward
1 - 54% - 57% - 5:39
2 - 46% - 43% - 4:49
PP Defense
1 - 53% - 50% - 5:33
2 - 47% - 50% - 4:55
PK Forward
1 - 47% - 50% - 2:27
2 - 53% - 50% - 2:44
PK Defense
1 - 56% - 50% - 2:53
2 - 44% - 50% - 2:18
PK3 Forward
1 - 0% - 50%
2 - 0% - 50%
PK3 Defense
1 - 0% - 50%
2 - 0% - 50%
44 Forward
1 - 51% - 50% - 1:27
2 - 49% - 50% - 1:24
44 Defense
1 - 39% - 50% - 1:06
2 - 61% - 50% - 1:45
Last Minute Offensive  - 0:00
Last Minute Defensive  - 0:00
Total
Forward - 60:00
Defense - 60:00

% Time on Ice - Devils

Lines # - Real PCT - Wanted PCT - Time Play
Normal Forward
1 - 36% - 35% - 14:51
2 - 37% - 30% - 15:29
3 - 12% - 20% - 4:59
4 - 15% - 15% - 6:11
Normal Defense
1 - 34% - 35% - 14:16
2 - 36% - 35% - 14:51
3 - 25% - 20% - 10:14
4 - 5% - 10% - 2:09
PP Forward
1 - 67% - 60% - 3:29
2 - 33% - 40% - 1:42
PP Defense
1 - 73% - 60% - 3:48
2 - 27% - 40% - 1:23
PK Forward
1 - 68% - 55% - 7:04
2 - 32% - 45% - 3:24
PK Defense
1 - 45% - 55% - 4:42
2 - 55% - 45% - 5:46
PK3 Forward
1 - 0% - 50%
2 - 0% - 50%
PK3 Defense
1 - 0% - 50%
2 - 0% - 50%
44 Forward
1 - 88% - 55% - 2:31
2 - 12% - 45% - 0:20
44 Defense
1 - 78% - 55% - 2:13
2 - 22% - 45% - 0:38
Last Minute Offensive  - 0:00
Last Minute Defensive  - 0:00
Total
Forward - 60:00
Defense - 60:00

Play by Play

1st period


0:01 of 1st period - Patrik Elias wins face-off versus R.J. Umberger in neutral zone.
0:10 of 1st period - Icing by Brad Stuart.
0:11 of 1st period - Saku Koivu wins face-off versus Eric Staal in Devils zone.
0:11 of 1st period - Saku Koivu is hit by Darroll Powe.
0:12 of 1st period - Minor Penalty to Joffrey Lupul for Close Hand On Puck.
0:13 of 1st period - Saku Koivu wins face-off versus Patrik Elias in Hurricanes zone.
1:28 of 1st period - Shot by Brad Stuart.
1:28 of 1st period - Stopped by Mike Smith without a rebound.
1:29 of 1st period - Eric Staal wins face-off versus Mark Letestu in Hurricanes zone.
1:46 of 1st period - Shot by James van Riemsdyk.
1:46 of 1st period - Shot Misses the Net.
1:48 of 1st period - Shot by Lubomir Visnovsky.
1:48 of 1st period - Stopped by Mike Smith with a rebound.
1:50 of 1st period - Shot by Brad Stuart.
1:50 of 1st period - Stopped by Mike Smith with a rebound.
1:52 of 1st period - Shot by Lubomir Visnovsky.
1:52 of 1st period - Deflect By Mark Letestu.
1:52 of 1st period - Shot Blocked by Anton Volchenkov.
1:54 of 1st period - Shot by James van Riemsdyk.
1:54 of 1st period - Shot Hit the Post.
1:56 of 1st period - Shot by Brad Stuart.
1:56 of 1st period - Shot Misses the Net.
1:58 of 1st period - Shot by Lubomir Visnovsky.
1:58 of 1st period - Stopped by Mike Smith without a rebound.
1:59 of 1st period - Saku Koivu wins face-off versus Patrik Elias in Hurricanes zone.
2:35 of 1st period - Shot by Patrick Eaves.
2:35 of 1st period - Shot Misses the Net.
2:37 of 1st period - Shot by Roman Hamrlik.
2:37 of 1st period - Stopped by Mike Smith without a rebound.
2:38 of 1st period - Vladimir Sobotka wins face-off versus Eric Staal in Hurricanes zone.
4:00 of 1st period - Shot by Artem Anisimov.
4:00 of 1st period - Shot Blocked by Matt Greene.
4:40 of 1st period - Shot by Tim Connolly.
4:40 of 1st period - Shot Misses the Net.
5:47 of 1st period - Shot by Marcel Goc.
5:47 of 1st period - Deflect By Matthew Lombardi.
5:47 of 1st period - Stopped by Mike Smith without a rebound.
5:48 of 1st period - Mark Letestu wins face-off versus Patrik Elias in Hurricanes zone.
6:15 of 1st period - Icing by Duncan Keith.
6:16 of 1st period - Patrik Elias wins face-off versus Vladimir Sobotka in Hurricanes zone.
6:31 of 1st period - Shot by Jarome Iginla.
6:31 of 1st period - Stopped by Steve Mason without a rebound.
6:32 of 1st period - Saku Koivu wins face-off versus Maxim Lapierre in Devils zone.
8:41 of 1st period - James van Riemsdyk is hit by Sheldon Brookbank and loses puck.
8:58 of 1st period - Nikita Nikitin is hit by Daniel Winnik and loses puck.
9:01 of 1st period - Shot by Patrick Eaves.
9:01 of 1st period - Deflect By Marcel Goc.
9:01 of 1st period - Shot Misses the Net.
9:06 of 1st period - Minor Penalty to Daniel Winnik for Hooking.
9:07 of 1st period - R.J. Umberger wins face-off versus Brandon McMillan in Hurricanes zone.
9:23 of 1st period - Icing by Nikita Nikitin.
9:24 of 1st period - Saku Koivu wins face-off versus Patrik Elias in Devils zone.
9:30 of 1st period - Off-side.
9:31 of 1st period - Eric Staal wins face-off versus Saku Koivu in neutral zone.
9:42 of 1st period - Shot by Nikita Nikitin.
9:42 of 1st period - Goal by Nikita Nikitin - Hurricanes : 0 - Devils : 1.
9:43 of 1st period - Vladimir Sobotka wins face-off versus Warren Peters in neutral zone.
10:36 of 1st period - Filip Kuba is hit by Vladimir Sobotka and loses puck.
10:59 of 1st period - Shot by Jarome Iginla.
10:59 of 1st period - Stopped by Steve Mason with a rebound.
11:03 of 1st period - Shot by Patrik Elias.
11:03 of 1st period - Shot Blocked by Brad Stuart.
11:26 of 1st period - Icing by Matt Greene.
11:27 of 1st period - Saku Koivu wins face-off versus Maxim Lapierre in Hurricanes zone.
12:01 of 1st period - Minor Penalty to Maxim Lapierre for Hooking.
12:02 of 1st period - Eric Staal wins face-off versus Saku Koivu in Hurricanes zone.
12:20 of 1st period - Icing by Artem Anisimov.
12:21 of 1st period - Eric Staal wins face-off versus R.J. Umberger in Devils zone.
13:23 of 1st period - Shot by James van Riemsdyk.
13:23 of 1st period - Stopped by Mike Smith without a rebound.
13:24 of 1st period - Mark Letestu wins face-off versus Eric Staal in Hurricanes zone.
13:45 of 1st period - Shot by James van Riemsdyk.
13:45 of 1st period - Shot Misses the Net.
13:47 of 1st period - Shot by Jordan Leopold.
13:47 of 1st period - Shot Misses the Net.
13:49 of 1st period - Shot by Jordan Leopold.
13:49 of 1st period - Stopped by Mike Smith without a rebound.
13:50 of 1st period - Patrik Elias wins face-off versus Saku Koivu in Hurricanes zone.
14:28 of 1st period - Shot by Joffrey Lupul.
14:28 of 1st period - Shot Blocked by Roman Hamrlik.
14:40 of 1st period - Shot by Eric Staal.
14:40 of 1st period - Stopped by Steve Mason without a rebound.
14:41 of 1st period - Patrik Elias wins face-off versus Mark Letestu in Devils zone.
14:41 of 1st period - Duncan Keith is hit by Nikita Nikitin and loses puck.
14:49 of 1st period - Icing by Niklas Hjalmarsson.
14:50 of 1st period - Patrik Elias wins face-off versus Artem Anisimov in Devils zone.
15:32 of 1st period - Shot by Mark Letestu.
15:32 of 1st period - Stopped by Mike Smith without a rebound.
15:33 of 1st period - Saku Koivu wins face-off versus Eric Staal in Hurricanes zone.
15:36 of 1st period - Shot by Jordan Leopold.
15:36 of 1st period - Shot Blocked by Matt Greene.
15:38 of 1st period - Shot by Tim Connolly.
15:38 of 1st period - Shot Blocked by Matt Greene.
15:40 of 1st period - Shot by R.J. Umberger.
15:40 of 1st period - Stopped by Mike Smith without a rebound.
15:41 of 1st period - Tim Connolly wins face-off versus Joffrey Lupul in Hurricanes zone.
15:49 of 1st period - Tim Connolly is hit by Anton Volchenkov and loses puck.
15:59 of 1st period - Tim Connolly is hit by Anton Volchenkov and loses puck.
16:15 of 1st period - Saku Koivu is hit by Matt Greene and loses puck.
16:18 of 1st period - Shot by Jordan Leopold.
16:18 of 1st period - Shot Blocked by Anton Volchenkov.
16:47 of 1st period - Shot by Matthew Lombardi.
16:47 of 1st period - Shot Misses the Net.
16:49 of 1st period - Shot by Nikita Nikitin.
16:49 of 1st period - Goal by Nikita Nikitin - Hurricanes : 0 - Devils : 2.
16:50 of 1st period - Patrik Elias wins face-off versus Artem Anisimov in neutral zone.
16:50 of 1st period - Patrik Elias is hit by James van Riemsdyk.
16:54 of 1st period - Nikita Nikitin is hit by Chad LaRose and loses puck.
17:27 of 1st period - Icing by Mark Letestu.
17:28 of 1st period - Maxim Lapierre wins face-off versus James van Riemsdyk in Devils zone.
17:28 of 1st period - Minor Penalty to Nikita Nikitin for Tripping.
17:29 of 1st period - Patrik Elias wins face-off versus Marcel Goc in Devils zone.
17:34 of 1st period - Shot by Ryan Wilson.
17:34 of 1st period - Shot Blocked by Brad Stuart.
17:36 of 1st period - Shot by Ryan Wilson.
17:36 of 1st period - Stopped by Steve Mason without a rebound.
17:37 of 1st period - Marcel Goc wins face-off versus Eric Staal in Devils zone.
18:01 of 1st period - Minor Penalty to Ryan Wilson for Holding.
18:02 of 1st period - Marcel Goc wins face-off versus Jarome Iginla in Hurricanes zone.
18:19 of 1st period - Shot by Roman Hamrlik.
18:19 of 1st period - Stopped by Mike Smith without a rebound.
18:20 of 1st period - Marcel Goc wins face-off versus Patrik Elias in Hurricanes zone.
18:59 of 1st period - Shot by Eric Staal.
18:59 of 1st period - Deflect By Patrik Elias.
18:59 of 1st period - Shot Misses the Net.
19:27 of 1st period - Shot by Jarome Iginla.
19:27 of 1st period - Shot Misses the Net.

2nd period


0:01 of 2nd period - Saku Koivu wins face-off versus Eric Staal in neutral zone.
0:04 of 2nd period - Duncan Keith is hit by Saku Koivu and loses puck.
1:35 of 2nd period - Minor Penalty to Brad Stuart for Tripping.
1:36 of 2nd period - Patrik Elias wins face-off versus Marcel Goc in Devils zone.
1:40 of 2nd period - Jason Chimera is hit by Roman Hamrlik and loses puck.
3:02 of 2nd period - Shot by Jason Chimera.
3:02 of 2nd period - Shot Misses the Net.
3:04 of 2nd period - Shot by Duncan Keith.
3:04 of 2nd period - Shot Misses the Net.
3:41 of 2nd period - Minor Penalty to Jordan Leopold for Hooking.
3:42 of 2nd period - Eric Staal wins face-off versus Saku Koivu in Devils zone.
4:39 of 2nd period - Shot by Marcel Goc.
4:39 of 2nd period - Shot Blocked by Ryan Wilson.
4:59 of 2nd period - Shot by Filip Kuba.
4:59 of 2nd period - Stopped by Steve Mason without a rebound.
5:00 of 2nd period - Patrik Elias wins face-off versus Matthew Lombardi in Devils zone.
5:13 of 2nd period - Shot by Matthew Lombardi.
5:13 of 2nd period - Deflect By Matt DAgostini.
5:13 of 2nd period - Stopped by Mike Smith without a rebound.
5:14 of 2nd period - Eric Staal wins face-off versus Marcel Goc in Hurricanes zone.
6:10 of 2nd period - Brandon McMillan is hit by Lubomir Visnovsky and loses puck.
6:20 of 2nd period - Icing by Jordan Leopold.
6:21 of 2nd period - Artem Anisimov wins face-off versus Maxim Lapierre in Devils zone.
9:14 of 2nd period - Ryan Wilson is hit by Artem Anisimov and loses puck.
9:22 of 2nd period - Shot by James van Riemsdyk.
9:22 of 2nd period - Deflect By Mark Letestu.
9:22 of 2nd period - Shot Blocked by Ryan Wilson.
9:24 of 2nd period - Shot by Mark Letestu.
9:24 of 2nd period - Stopped by Mike Smith without a rebound.
9:25 of 2nd period - Saku Koivu wins face-off versus Maxim Lapierre in Hurricanes zone.
9:40 of 2nd period - Shot by Daniel Winnik.
9:40 of 2nd period - Shot Blocked by Niklas Hjalmarsson.
9:45 of 2nd period - Daniel Winnik is hit by Niklas Hjalmarsson and loses puck.
10:32 of 2nd period - Shot by Jarome Iginla.
10:32 of 2nd period - Stopped by Steve Mason without a rebound.
10:33 of 2nd period - Warren Peters wins face-off versus Marcel Goc in Devils zone.
10:45 of 2nd period - Off-side.
10:46 of 2nd period - Artem Anisimov wins face-off versus Patrik Elias in neutral zone.
10:52 of 2nd period - Icing by Jarome Iginla.
10:53 of 2nd period - Patrik Elias wins face-off versus Artem Anisimov in Hurricanes zone.
11:11 of 2nd period - Icing by Lubomir Visnovsky.
11:12 of 2nd period - Artem Anisimov wins face-off versus Eric Staal in Devils zone.
11:12 of 2nd period - Artem Anisimov is hit by Darroll Powe.
11:45 of 2nd period - James van Riemsdyk is hit by Filip Kuba and loses puck.
12:09 of 2nd period - Icing by Filip Kuba.
12:10 of 2nd period - Eric Staal wins face-off versus Marcel Goc in Hurricanes zone.
12:30 of 2nd period - Shot by Niklas Hjalmarsson.
12:30 of 2nd period - Stopped by Mike Smith without a rebound.
12:31 of 2nd period - Patrik Elias wins face-off versus Saku Koivu in Hurricanes zone.
13:23 of 2nd period - Tim Connolly is hit by Shane OBrien and loses puck.
13:43 of 2nd period - Minor Penalty to Ryan Wilson for Holding.
13:44 of 2nd period - Mark Letestu wins face-off versus Eric Staal in Hurricanes zone.
13:47 of 2nd period - Shot by Jordan Leopold.
13:47 of 2nd period - Goal by Jordan Leopold - Hurricanes : 0 - Devils : 3.
13:48 of 2nd period - Eric Staal wins face-off versus Marcel Goc in neutral zone.
14:04 of 2nd period - Eric Staal is hit by Lubomir Visnovsky and loses puck.
15:05 of 2nd period - Shot by Mark Letestu.
15:05 of 2nd period - Stopped by Mike Smith without a rebound.
15:06 of 2nd period - Saku Koivu wins face-off versus Daniel Winnik in Hurricanes zone.
15:25 of 2nd period - Shot by Daniel Winnik.
15:25 of 2nd period - Shot Misses the Net.
15:42 of 2nd period - Icing by Shane OBrien.
15:43 of 2nd period - Maxim Lapierre wins face-off versus Artem Anisimov in Hurricanes zone.
15:43 of 2nd period - Maxim Lapierre is hit by Mark Letestu.
15:46 of 2nd period - Icing by Shane OBrien.
15:47 of 2nd period - Artem Anisimov wins face-off versus Maxim Lapierre in Hurricanes zone.
15:47 of 2nd period - Roman Hamrlik is hit by Shane OBrien and loses puck.
16:43 of 2nd period - Minor Penalty to Tim Connolly for Cross-checking.
16:44 of 2nd period - Eric Staal wins face-off versus Marcel Goc in Devils zone.
17:23 of 2nd period - Shot by Anton Volchenkov.
17:23 of 2nd period - Stopped by Steve Mason without a rebound.
17:24 of 2nd period - Marcel Goc wins face-off versus Patrik Elias in Devils zone.
17:24 of 2nd period - Vladimir Sobotka is hit by Joffrey Lupul and loses puck.
17:57 of 2nd period - Shot by Patrik Elias.
17:57 of 2nd period - Shot Blocked by Niklas Hjalmarsson.
18:01 of 2nd period - Shot by Ryan Wilson.
18:01 of 2nd period - Shot Misses the Net.
18:21 of 2nd period - Shot by Filip Kuba.
18:21 of 2nd period - Stopped by Steve Mason without a rebound.
18:22 of 2nd period - Marcel Goc wins face-off versus Eric Staal in Devils zone.
18:45 of 2nd period - Minor Penalty to Niklas Hjalmarsson for Cross-checking.
18:46 of 2nd period - Patrik Elias wins face-off versus Saku Koivu in Devils zone.
18:57 of 2nd period - Shot by Duncan Keith.
18:57 of 2nd period - Stopped by Steve Mason with a rebound.
18:59 of 2nd period - Shot by Patrik Elias.
18:59 of 2nd period - Shot Blocked by Roman Hamrlik.
19:01 of 2nd period - Shot by Duncan Keith.
19:01 of 2nd period - Shot Misses the Net.
19:03 of 2nd period - Shot by Duncan Keith.
19:03 of 2nd period - Shot Misses the Net.
19:05 of 2nd period - Shot by Ryan Wilson.
19:05 of 2nd period - Shot Blocked by Lubomir Visnovsky.
19:09 of 2nd period - Shot by Joffrey Lupul.
19:09 of 2nd period - Deflect By Patrik Elias.
19:09 of 2nd period - Shot Misses the Net.
19:15 of 2nd period - Shot by Joffrey Lupul.
19:15 of 2nd period - Stopped by Steve Mason without a rebound.
19:16 of 2nd period - Eric Staal wins face-off versus Marcel Goc in Devils zone.
19:41 of 2nd period - Shot by Filip Kuba.
19:41 of 2nd period - Shot Misses the Net.
19:54 of 2nd period - Icing by Anton Volchenkov.
19:55 of 2nd period - Eric Staal wins face-off versus Saku Koivu in Hurricanes zone.

3rd period


0:01 of 3rd period - Marcel Goc wins face-off versus Eric Staal in neutral zone.
0:26 of 3rd period - Shot by Jarome Iginla.
0:26 of 3rd period - Stopped by Steve Mason without a rebound.
0:27 of 3rd period - Saku Koivu wins face-off versus Patrik Elias in Devils zone.
0:45 of 3rd period - Joffrey Lupul is hit by Nikita Nikitin and loses puck.
1:07 of 3rd period - Icing by Nikita Nikitin.
1:08 of 3rd period - Patrik Elias wins face-off versus Artem Anisimov in Devils zone.
1:08 of 3rd period - Patrik Elias is hit by Niklas Hjalmarsson.
1:22 of 3rd period - Shot by Jarome Iginla.
1:22 of 3rd period - Stopped by Steve Mason with a rebound.
1:50 of 3rd period - Saku Koivu is hit by Duncan Keith and loses puck.
1:51 of 3rd period - Saku Koivu from Devils is injured at 1:51 of 3rd period (Back Spasms).
1:52 of 3rd period - Eric Staal wins face-off versus Matthew Lombardi in Hurricanes zone.
2:44 of 3rd period - Shot by Jason Chimera.
2:44 of 3rd period - Shot Misses the Net.
3:03 of 3rd period - Off-side.
3:04 of 3rd period - Patrik Elias wins face-off versus Artem Anisimov in neutral zone.
3:45 of 3rd period - Shot by Jarome Iginla.
3:45 of 3rd period - Shot Blocked by Lubomir Visnovsky.
4:04 of 3rd period - Icing by Lubomir Visnovsky.
4:05 of 3rd period - Eric Staal wins face-off versus Artem Anisimov in Devils zone.
4:14 of 3rd period - Shot by Joffrey Lupul.
4:14 of 3rd period - Stopped by Steve Mason with a rebound.
4:16 of 3rd period - Shot by Eric Staal.
4:16 of 3rd period - Stopped by Steve Mason without a rebound.
4:17 of 3rd period - Jason Chimera wins face-off versus Vladimir Sobotka in Devils zone.
5:04 of 3rd period - Off-side.
5:05 of 3rd period - Patrik Elias wins face-off versus Matthew Lombardi in neutral zone.
5:15 of 3rd period - Icing by Jordan Leopold.
5:16 of 3rd period - Matthew Lombardi wins face-off versus Eric Staal in Devils zone.
5:16 of 3rd period - Matthew Lombardi is hit by Joffrey Lupul.
5:25 of 3rd period - R.J. Umberger is hit by Matt Greene.
6:00 of 3rd period - Jordan Leopold is hit by Matt Greene and loses puck.
6:28 of 3rd period - Artem Anisimov is hit by Duncan Keith and loses puck.
6:57 of 3rd period - Duncan Keith is hit by Vladimir Sobotka and loses puck.
7:31 of 3rd period - Shot by Matt DAgostini.
7:31 of 3rd period - Stopped by Mike Smith with a rebound.
7:57 of 3rd period - Shane OBrien is hit by Brad Stuart and loses puck.
8:51 of 3rd period - Icing by Anton Volchenkov.
8:52 of 3rd period - Warren Peters wins face-off versus Artem Anisimov in Hurricanes zone.
8:52 of 3rd period - Warren Peters is hit by Mark Letestu.
9:53 of 3rd period - Shot by Vladimir Sobotka.
9:53 of 3rd period - Shot Blocked by Eric Staal.
9:56 of 3rd period - Minor Penalty to Vladimir Sobotka for Hooking.
9:57 of 3rd period - Chad LaRose wins face-off versus Marcel Goc in Devils zone.
10:06 of 3rd period - Shot by Ryan Wilson.
10:06 of 3rd period - Stopped by Steve Mason without a rebound.
10:07 of 3rd period - Marcel Goc wins face-off versus Patrik Elias in Devils zone.
10:22 of 3rd period - Shot by Ryan Wilson.
10:22 of 3rd period - Stopped by Steve Mason with a rebound.
11:12 of 3rd period - Shot by Eric Staal.
11:12 of 3rd period - Shot Misses the Net.
11:14 of 3rd period - Shot by Filip Kuba.
11:14 of 3rd period - Shot Blocked by Jordan Leopold.
11:16 of 3rd period - Shot by Anton Volchenkov.
11:16 of 3rd period - Stopped by Steve Mason with a rebound.
11:18 of 3rd period - Shot by Eric Staal.
11:18 of 3rd period - Shot Blocked by Brad Stuart.
11:20 of 3rd period - Shot by Eric Staal.
11:20 of 3rd period - Shot Misses the Net.
12:00 of 3rd period - Icing by Anton Volchenkov.
12:01 of 3rd period - Artem Anisimov wins face-off versus Warren Peters in Hurricanes zone.
12:09 of 3rd period - Icing by Matt Greene.
12:10 of 3rd period - Matthew Lombardi wins face-off versus Warren Peters in Hurricanes zone.
12:21 of 3rd period - Shot by R.J. Umberger.
12:21 of 3rd period - Shot Misses the Net.
12:31 of 3rd period - Shot by Lubomir Visnovsky.
12:31 of 3rd period - Stopped by Mike Smith without a rebound.
12:32 of 3rd period - Artem Anisimov wins face-off versus Patrik Elias in Hurricanes zone.
12:37 of 3rd period - Shot by Mark Letestu.
12:37 of 3rd period - Stopped by Mike Smith without a rebound.
12:38 of 3rd period - Patrik Elias wins face-off versus Matthew Lombardi in Hurricanes zone.
12:38 of 3rd period - Patrik Elias is hit by R.J. Umberger.
12:50 of 3rd period - Jarome Iginla is hit by R.J. Umberger and loses puck.
14:41 of 3rd period - Shot by Josh Bailey.
14:41 of 3rd period - Stopped by Mike Smith with a rebound.
14:43 of 3rd period - Shot by Vladimir Sobotka.
14:43 of 3rd period - Shot Misses the Net.
14:45 of 3rd period - Shot by Josh Bailey.
14:45 of 3rd period - Stopped by Mike Smith without a rebound.
14:46 of 3rd period - Matthew Lombardi wins face-off versus Maxim Lapierre in Hurricanes zone.
14:58 of 3rd period - Jason Chimera is hit by Tim Connolly and loses puck.
17:38 of 3rd period - Icing by R.J. Umberger.
17:39 of 3rd period - Patrik Elias wins face-off versus Matthew Lombardi in Devils zone.
18:21 of 3rd period - Icing by Brad Stuart.
18:22 of 3rd period - Eric Staal wins face-off versus Matthew Lombardi in Devils zone.
18:22 of 3rd period - Ryan Wilson is hit by Brad Stuart and loses puck.
18:34 of 3rd period - Minor Penalty to Josh Bailey for Slashing.
18:34 of 3rd period - Minor Penalty to Shane OBrien for Holding.
18:35 of 3rd period - Marcel Goc wins face-off versus Jarome Iginla in Hurricanes zone.
18:48 of 3rd period - Shot by Niklas Hjalmarsson.
18:48 of 3rd period - Stopped by Mike Smith with a rebound.
19:21 of 3rd period - Icing by Brad Stuart.
19:22 of 3rd period - Patrik Elias wins face-off versus Marcel Goc in Devils zone.
19:39 of 3rd period - Shot by Patrik Elias.
19:39 of 3rd period - Shot Misses the Net.
19:52 of 3rd period - Icing by Ryan Wilson.
19:53 of 3rd period - Patrik Elias wins face-off versus Matthew Lombardi in Hurricanes zone.


Output by the SimonT Hockey Simulator (STHS) for Stephane Roy -- Original Page W3C XHTML 1.0 Valid
Hockey Simulator - Hockey Simulation - Hockey Manager